 Dungeon Crawl Stone Soup version 0.30.1-11-g7821555f0a (webtiles) character file.

Game seed: 13650957486775180777

65 Janerl the Cudgeller (level 3, 0/51 HPs)
             Began as a Minotaur Berserker on Dec 9, 2023.
             Was a Believer of Trog.
             Slain by Grinder (1 damage)
             ... on level 3 of the Dungeon.
             The game lasted 00:04:47 (1700 turns).

Janerl the Cudgeller (Minotaur Berserker)           Turns: 1700, Time: 00:04:47

Health: 0/51       AC:  8    Str: 18 (21) XL:     3   Next: 92%
Magic:  2/2        EV: 10    Int:  3 (6)  God:    Trog [**....]
Gold:   91         SH:  0    Dex:  7 (9)  Spells: 2/2 levels left

rFire   . . .        a - +0 mace
rCold   . . .        (no shield)
rNeg    . . .        l - +0 scale mail
rPois   .            (helmet restricted)
rElec   .            (no cloak)
rCorr   .            j - +0 pair of gloves
SInv    .            h - +0 pair of boots
Will    .....        b - amulet of the acrobat Stlth
                     (no ring)
HPRegen 0.28/turn    (no ring)
MPRegen 0.08/turn

%: acrobat
@: brilliant, berserking (expiring), very quick
A: horns 2, retaliatory headbutt
a: Renounce Religion, Berserk, Trog's Hand


You were on level 3 of the Dungeon.
You worshipped Trog.
Trog was pleased with you.
You visited 1 branch of the dungeon, and saw 3 of its levels.

You collected 91 gold pieces.

Inventory:

Hand Weapons
 a - a +0 mace (weapon)
Armour
 h - a +0 pair of boots (worn)
 j - a +0 pair of gloves (worn)
 l - a +0 scale mail (worn)
Jewellery
 b - an amulet of the acrobat (around neck)
Scrolls
 d - 2 scrolls of identify {unknown}
 e - a scroll of teleportation {unknown}
Potions
 c - a potion of brilliance
 f - a potion of haste {unknown}
 g - a potion of attraction {unknown}
 i - a potion of degeneration
 k - a potion of berserk rage


   Skills:
 + Level 4.5 Fighting
 + Level 4.7 Maces & Flails
 + Level 2.4 Armour
 + Level 2.8 Dodging


You had 2 spell levels left.
You didn't know any spells.
Your spell library was empty.

Dungeon Overview and Level Annotations

Branches:
Dungeon (3/15)

Altars:

Shops:
D:1 =?

Annotations:
D:3 Grinder


Innate Abilities, Weirdness & Mutations

You have a pair of horns on your head.
You reflexively headbutt those who attack you in melee.


Message History

Grinder misses you.
You completely miss Grinder.
Grinder is lightly wounded.
Grinder hits you!
You writhe in agony.
You hit Grinder. You headbutt Grinder.
Grinder is moderately wounded.
Grinder hits you but does no damage.
You closely miss Grinder.
Grinder is moderately wounded.
Grinder hits you.
You writhe in agony.
You sock Grinder!
Grinder is heavily wounded.
Grinder hits you.
* * * LOW HITPOINT WARNING * * *
You writhe in agony.
* * * LOW HITPOINT WARNING * * *
Grinder barely misses you.
It was a potion of brilliance.
You feel clever all of a sudden.
Grinder blinks!
It was a potion of degeneration.
There was something very wrong with that liquid.
You feel weakened.
You feel dopey.
You feel clumsy. Grinder gestures at you.
You suddenly lose the ability to move!
You can move again.
It was a potion of berserk rage.
A red film seems to cover your vision as you go berserk!
You feel yourself moving faster!
You feel mighty! Grinder gestures at you. You resist with significant effort.
You feel a strong urge to attack something.
Things that are here:
a +0 whip; a +0 leather armour You completely miss Grinder.
Grinder is heavily wounded.
Grinder hits you!
* * * LOW HITPOINT WARNING * * *
You writhe in agony.
You die...

#.#
##.#
#.# .#
#.####
#....#
####.#
#..#
#.##
#)#
#@#
#5#
#.#
#.#
...
#.#
#.#
#.#


You could see Grinder.

Vanquished Creatures
  An adder (D:2)
  A worm (D:3)
  2 dart slugs (D:1)
  An orc (D:3)
  5 endoplasms
  A giant cockroach (D:3)
  4 goblins
  7 hobgoblins
  4 jackals (D:1)
  2 quokkas
  4 ball pythons
  5 bats
  2 frilled lizards (D:2)
  3 kobolds
  A rat (D:1)
43 creatures vanquished.

Notes
Turn   | Place    | Note
-------+----------+-------------------------------------------
     0 | D:1      | Janerl the Minotaur Berserker began the quest for the Orb.
     0 | D:1      | Reached XP level 1. HP: 19/19 MP: 0/0
    79 | D:1      | Reached XP level 2. HP: 13/27 MP: 1/1
   264 | D:1      | Found Mefril's Magic Scroll Boutique.
   324 | D:1      | You fall into a shaft and drop 1 floor!
   688 | D:1      | Found Ihaufu's Jewellery Emporium.
   727 | D:1      | Reached XP level 3. HP: 33/33 MP: 2/2
   984 | D:2      | Reached ** piety under Trog
  1683 | D:3      | Noticed Grinder
  1695 | D:3      | Paralysed by Grinder for 2 turns
  1700 | D:3      | HP: 1/51 [Grinder (8)]
  1700 | D:3      | Slain by Grinder

Illustrated notes

Levels and vault maps discovered:
D:1:      dpeg_arrival_simpleton_b, layout_loops_ring, serial_shops,
          nicolae_shop_pleasant_corner_grove, shop
D:2:      layout_basic, nicolae_kite_square_tiling_tiny,
          corexii_leaking_fountain
D:3:      layout_loops_ring, riverfiend_overflow_shadow_ancestor,
          old_standard_altar, grunt_temple_overflow_open, uniq_natasha,
          uniq_grinder

Skill      XL: |  1  2 |
---------------+-------+-----
Fighting       | 4 |  4.5
Maces & Flails | 4 |  4.7
Armour         | |  2.4
Dodging        | |  2.8

Action                     || total
---------------------------++-------
  Melee: Mace              ||    75
         Headbutt          ||    17
         Punch             ||     1
    Use: Potion            ||     3
 Armour: Animal skin       ||     7
         Scale mail        ||     3
  Dodge: Dodged            ||    37
